TOP OF THE 1ST |
Billings West HS Golden Bears batting - Pitching for Buchanan HS : RHP Bill Harradine
|
Pitching: RHP Bill Harradine
|
|
Batting: RHB Larry Olson
|
0-0: Ball 1-0: Foul Ball, location: 2F 1-1: Ball 2-1: Ball 3-1: Foul Ball, location: 2F 3-2: Strikes out swinging
|
Batting: LHB Roy Jones
|
0-0: Ball 1-0: Ball 2-0: Ball 3-0: Called Strike 3-1: SINGLE (Flyball, 7S)
|
Batting: LHB Jeremy Thompson
|
0-0: Foul Ball, location: 2F 0-1: Called Strike Throwing error on steal attempt, E2 Roy Jones to third 0-2: Ball 1-2: Foul Ball, location: 2F 1-2: Strikes out swinging
|
Batting: LHB Simon Morin
|
0-0: Ball 1-0: Ball 2-0: Called Strike 2-1: Ball 3-1: Foul Ball, location: 2F 3-2: Foul Ball, location: 2F 3-2: Foul Ball, location: 2F 3-2: Base on Balls
|
Batting: LHB Cristián Paredes
|
0-0: Ball 1-0: Ball 2-0: Fly out, F7 (Flyball, 7S)
|
Top of the 1st over - 0 runs, 1 hit, 1 error, 2 left on base; Billings West HS 0 - Buchanan HS 0 |
BOTTOM OF THE 1ST |
Buchanan HS batting - Pitching for Billings West HS Golden Bears : RHP Jesse Mertz
|
Pitching: RHP Jesse Mertz
|
|
Batting: RHB Richard Franco
|
0-0: Called Strike 0-1: Called Strike 0-2: Strikes out looking
|
Batting: RHB Jorge Álvarez
|
0-0: Ball 1-0: Ball 2-0: Swinging Strike 2-1: Foul Ball, location: 2F 2-2: Ball 3-2: Base on Balls
|
Batting: LHB Edgar Cameron
|
0-0: Ball 1-0: Ball 2-0: Ball 3-0: Base on Balls Jorge Álvarez to second
|
Batting: RHB Anthony Moore
|
0-0: Called Strike 0-1: Ball 1-1: Foul Ball, location: 2F 1-2: Foul Ball, location: 2F 1-2: Foul Ball, location: 2F 1-2: Fly out, F9 (Flyball, 9S)
|
Batting: SHB Chad MacGregor
|
0-0: Called Strike 0-1: DOUBLE (Line Drive, 9LM) Jorge Álvarez scores Edgar Cameron to third
|
Batting: RHB Joe Ritchie
|
0-0: Called Strike 0-1: Foul Ball, location: 2F 0-2: Fly out, F9 (Flyball, 9)
|
Bottom of the 1st over - 1 run, 1 hit, 0 errors, 2 left on base; Billings West HS 0 - Buchanan HS 1 |
TOP OF THE 2ND |
Billings West HS Golden Bears batting - Pitching for Buchanan HS : RHP Bill Harradine
|
Batting: SHB Christian Goodwin
|
0-0: Called Strike 0-1: Ground out 4-3 (Groundball, 4)
|
Batting: SHB Mike Hooper
|
0-0: Foul Ball, location: 2F 0-1: Ground out U3 (Groundball, 3)
|
Batting: RHB J.J. Chapman
|
0-0: Ball 1-0: Foul Ball, location: 2F 1-1: Foul Ball, location: 2F 1-2: Foul Ball, location: 2F 1-2: Hit by Pitch
|
Batting: RHB Curt Sinclair
|
0-0: Called Strike 0-1: Swinging Strike 0-2: Strikes out swinging
|
Top of the 2nd over - 0 runs, 0 hits, 0 errors, 1 left on base; Billings West HS 0 - Buchanan HS 1 |
BOTTOM OF THE 2ND |
Buchanan HS batting - Pitching for Billings West HS Golden Bears : RHP Jesse Mertz
|
Batting: RHB Jack Lee
|
0-0: Swinging Strike 0-1: Foul Ball, location: 2F 0-2: Foul Ball, location: 2F 0-2: Ball 1-2: Foul Ball, location: 2F 1-2: Strikes out swinging
|
Batting: RHB Jim Williams
|
0-0: Ball 1-0: Swinging Strike 1-1: Reached on error, E3 (Groundball, 34S)
|
Batting: LHB Albert Fuentes
|
0-0: Ball 1-0: Ball 2-0: Ball 3-0: Called Strike 3-1: Called Strike 3-2: SINGLE (Line Drive, 78M) Jim Williams to third
|
Batting: RHB Richard Franco
|
0-0: SINGLE (Groundball, 6MD) Jim Williams scores Albert Fuentes to second
|
Batting: RHB Jorge Álvarez
|
0-0: Ball 1-0: Foul Ball, location: 2F 1-1: Foul Ball, location: 2F 1-2: Hit by Pitch Albert Fuentes to third Richard Franco to second
|
Batting: LHB Edgar Cameron
|
0-0: Called Strike 0-1: Ball 1-1: Ball 2-1: Swinging Strike 2-2: SINGLE (Flyball, 89S) Albert Fuentes scores Richard Franco to third Jorge Álvarez to second Runner from 3rd tries for Home, SAFE, no throw
|
Batting: RHB Anthony Moore
|
0-0: Ball 1-0: Foul Ball, location: 2F 1-1: Called Strike 1-2: Ball Wild Pitch! Jorge Álvarez to third Edgar Cameron to second 2-2: Ball 3-2: SINGLE (Line Drive, 89S) Jorge Álvarez scores Edgar Cameron to third Runner from 3rd tries for Home, SAFE, no throw
|
Batting: SHB Chad MacGregor
|
0-0: Foul Ball, location: 2F 0-1: Ball 1-1: Ball 2-1: Swinging Strike 2-2: Ball 3-2: SINGLE (Line Drive, 6MD) Anthony Moore to second
|
Batting: RHB Joe Ritchie
|
0-0: Swinging Strike 0-1: Foul Ball, location: 2F 0-2: Strikes out swinging
|
Batting: RHB Jack Lee
|
0-0: 3-RUN HOME RUN (Flyball, 78XD), Distance : 390 ft
|
Batting: RHB Jim Williams
|
0-0: Hit by Pitch
|
Batting: LHB Albert Fuentes
|
0-0: Ball 1-0: Called Strike 1-1: Ball 2-1: Ball 3-1: Foul Ball, location: 2F 3-2: Foul Ball, location: 2F 3-2: Foul Ball, location: 2F 3-2: 2-RUN HOME RUN (Flyball, 89XD), Distance : 419 ft
|
Batting: RHB Richard Franco
|
0-0: Ball 1-0: Ball 2-0: Called Strike 2-1: Foul Ball, location: 2F 2-2: Ball 3-2: Base on Balls
|
Pitching: RHP Phil Nicol
|
|
Batting: RHB Jorge Álvarez
|
0-0: Ball 1-0: Ball 2-0: Ball 3-0: Called Strike 3-1: Foul Ball, location: 2F 3-2: Foul Ball, location: 2F 3-2: Base on Balls Richard Franco to second
|
Batting: LHB Edgar Cameron
|
0-0: Ground out 4-3 (Groundball, 4)
|
Bottom of the 2nd over - 10 runs, 7 hits, 1 error, 2 left on base; Billings West HS 0 - Buchanan HS 11 |
TOP OF THE 3RD |
Billings West HS Golden Bears batting - Pitching for Buchanan HS : RHP Bill Harradine
|
Batting: RHB Larry Olson
|
0-0: Ball 1-0: Ball 2-0: Swinging Strike 2-1: Ground out 6-3 (Groundball, 6)
|
Batting: LHB Roy Jones
|
0-0: Ball 1-0: Ball 2-0: Ball 3-0: Called Strike 3-1: Swinging Strike 3-2: Fly out, F6 (Line Drive, 56D)
|
Batting: LHB Jeremy Thompson
|
0-0: Ball 1-0: Ball 2-0: Ball 3-0: Foul Ball, location: 2F 3-1: Swinging Strike 3-2: Strikes out looking
|
Top of the 3rd over - 0 runs, 0 hits, 0 errors, 0 left on base; Billings West HS 0 - Buchanan HS 11 |
BOTTOM OF THE 3RD |
Buchanan HS batting - Pitching for Billings West HS Golden Bears : RHP Phil Nicol
|
Batting: RHB Anthony Moore
|
0-0: Foul Ball, location: 2F 0-1: SOLO HOME RUN (Flyball, 7LD), Distance : 334 ft
|
Batting: SHB Chad MacGregor
|
0-0: Called Strike 0-1: Swinging Strike 0-2: Foul Ball, location: 2F 0-2: Strikes out swinging
|
Batting: RHB Joe Ritchie
|
0-0: Called Strike 0-1: Ball 1-1: Swinging Strike 1-2: Foul Ball, location: 2F 1-2: Ball 2-2: Ball 3-2: Strikes out swinging
|
Batting: RHB Jack Lee
|
0-0: Called Strike 0-1: Foul Ball, location: 2F 0-2: Foul Ball, location: 2F 0-2: SINGLE (Groundball, 56D)
|
Batting: RHB Jim Williams
|
0-0: Ball 1-0: Fly out, F9 (Flyball, 9S)
|
Bottom of the 3rd over - 1 run, 2 hits, 0 errors, 1 left on base; Billings West HS 0 - Buchanan HS 12 |
TOP OF THE 4TH |
Billings West HS Golden Bears batting - Pitching for Buchanan HS : RHP Bill Harradine
|
Batting: LHB Simon Morin
|
0-0: Foul Ball, location: 2F 0-1: Called Strike 0-2: Ball 1-2: Foul Ball, location: 2F 1-2: Ball 2-2: Strikes out swinging
|
Batting: LHB Cristián Paredes
|
0-0: Ball 1-0: Called Strike 1-1: Foul Ball, location: 2F 1-2: Ball 2-2: Foul Ball, location: 2F 2-2: Ball 3-2: Fly out, F7 (Flyball, 7D)
|
Batting: SHB Christian Goodwin
|
0-0: Called Strike 0-1: Ball 1-1: Ball 2-1: Foul Ball, location: 2F 2-2: Foul Ball, location: 2F 2-2: Ball 3-2: Base on Balls
|
Batting: SHB Mike Hooper
|
0-0: Ball 1-0: Foul Ball, location: 2F 1-1: Fly out, F9 (Flyball, 89D)
|
Top of the 4th over - 0 runs, 0 hits, 0 errors, 1 left on base; Billings West HS 0 - Buchanan HS 12 |
BOTTOM OF THE 4TH |
Buchanan HS batting - Pitching for Billings West HS Golden Bears : RHP Phil Nicol
|
Batting: LHB Albert Fuentes
|
0-0: Ball 1-0: Called Strike 1-1: Fly out, F8 (Line Drive, 78M)
|
Batting: RHB Richard Franco
|
0-0: Called Strike 0-1: Called Strike 0-2: Ball 1-2: Ball 2-2: Ball 3-2: Strikes out swinging
|
Batting: RHB Jorge Álvarez
|
0-0: Called Strike 0-1: Swinging Strike 0-2: Ball 1-2: Foul Ball, location: 2F 1-2: Strikes out swinging
|
Bottom of the 4th over - 0 runs, 0 hits, 0 errors, 0 left on base; Billings West HS 0 - Buchanan HS 12 |
TOP OF THE 5TH |
Billings West HS Golden Bears batting - Pitching for Buchanan HS : RHP Bill Harradine
|
Batting: RHB J.J. Chapman
|
0-0: Fly out, F7 (Flyball, 7)
|
Batting: RHB Curt Sinclair
|
0-0: Called Strike 0-1: Ground out 3-1 (Groundball, 34S)
|
Batting: RHB Larry Olson
|
0-0: Ball 1-0: Ground out 4-3 (Groundball, 4M)
|
Top of the 5th over - 0 runs, 0 hits, 0 errors, 0 left on base; Billings West HS 0 - Buchanan HS 12 |
BOTTOM OF THE 5TH |
Buchanan HS batting - Pitching for Billings West HS Golden Bears : RHP Phil Nicol
|
Batting: LHB Edgar Cameron
|
0-0: Called Strike 0-1: Ball 1-1: Ball 2-1: Foul Ball, location: 2F 2-2: Strikes out swinging
|
Batting: RHB Anthony Moore
|
0-0: Ball 1-0: Ball 2-0: Called Strike 2-1: Foul Ball, location: 2F 2-2: Ball 3-2: Base on Balls
|
Batting: SHB Chad MacGregor
|
0-0: Ball 1-0: Fly out, F9 (Flyball, 89M)
|
Batting: RHB Joe Ritchie
|
0-0: Ball 1-0: Ball 2-0: Ball 3-0: Base on Balls Anthony Moore to second
|
Batting: RHB Jack Lee
|
0-0: Called Strike 0-1: Ball 1-1: Fly out, F8 (Flyball, 8RD)
|
Bottom of the 5th over - 0 runs, 0 hits, 0 errors, 2 left on base; Billings West HS 0 - Buchanan HS 12 |
TOP OF THE 6TH |
Billings West HS Golden Bears batting - Pitching for Buchanan HS : RHP Bill Harradine
|
Pitching: RHP David Watson
|
|
Batting: LHB Roy Jones
|
0-0: SINGLE (Line Drive, 6)
|
Batting: LHB Jeremy Thompson
|
0-0: Ball 1-0: Ball 2-0: Called Strike 2-1: Foul Ball, location: 2F 2-2: Foul Ball, location: 2F 2-2: Ball 3-2: Foul Ball, location: 2F 3-2: Base on Balls Roy Jones to second
|
Batting: LHB Simon Morin
|
0-0: Foul Ball, location: 2F 0-1: Called Strike 0-2: Strikes out looking
|
Batting: LHB Cristián Paredes
|
0-0: Ball Roy Jones steals 3rd base 1-0: Ball 2-0: Ground out 3-1 (Groundball, 34S) Roy Jones scores Jeremy Thompson to second
|
Batting: SHB Christian Goodwin
|
0-0: Called Strike 0-1: Swinging Strike 0-2: Foul Ball, location: 2F 0-2: Ball 1-2: Strikes out swinging
|
Top of the 6th over - 1 run, 1 hit, 0 errors, 1 left on base; Billings West HS 1 - Buchanan HS 12 |
BOTTOM OF THE 6TH |
Buchanan HS batting - Pitching for Billings West HS Golden Bears : RHP Phil Nicol
|
Batting: RHB Jim Williams
|
0-0: Ball 1-0: Called Strike 1-1: Swinging Strike 1-2: SINGLE (Line Drive, 34D)
|
Batting: LHB Albert Fuentes
|
0-0: Ball 1-0: Called Strike 1-1: Ball 2-1: Ball 3-1: Called Strike 3-2: Base on Balls Jim Williams to second
|
Pitching: LHP Brad Crockett
|
|
Batting: RHB Richard Franco
|
0-0: Ground out 6-3 (Groundball, 6S) Jim Williams to third Albert Fuentes to second
|
Batting: RHB Jorge Álvarez
|
0-0: Called Strike 0-1: Ball 1-1: Foul Ball, location: 2F 1-2: Ball 2-2: Ball 3-2: SINGLE (Groundball, 23) (infield hit) Jim Williams scores Albert Fuentes to third
|
Batting: LHB Edgar Cameron
|
0-0: Called Strike 0-1: Swinging Strike 0-2: Ball 1-2: Ball 2-2: Ball 3-2: Foul Ball, location: 2F 3-2: SINGLE (Flyball, 7LM) Albert Fuentes scores Jorge Álvarez to second Jorge Álvarez to third
|
Batting: RHB Anthony Moore
|
0-0: Ball 1-0: Ball 2-0: Ball 3-0: Called Strike 3-1: Fly out, F4 (Popup, 4M)
|
Pitching: RHP Grant Turner
|
|
Batting: SHB Chad MacGregor
|
0-0: Called Strike 0-1: Called Strike 0-2: Foul Ball, location: 2F 0-2: Ball 1-2: Ball 2-2: Ball Wild Pitch! Jorge Álvarez scores Edgar Cameron to second 3-2: Base on Balls
|
Pitching: LHP Thomas Moss
|
|
Batting: RHB Joe Ritchie
|
0-0: Called Strike 0-1: Fielders Choice at 2nd, 5-4 (Groundball, 5)
|
Bottom of the 6th over - 3 runs, 3 hits, 0 errors, 2 left on base; Billings West HS 1 - Buchanan HS 15 |
TOP OF THE 7TH |
Billings West HS Golden Bears batting - Pitching for Buchanan HS : RHP David Watson
|
Batting: SHB Mike Hooper
|
0-0: Foul Ball, location: 2F 0-1: Foul Ball, location: 2F 0-2: Ball 1-2: Foul Ball, location: 2F 1-2: Foul Ball, location: 2F 1-2: Strikes out swinging
|
Batting: RHB J.J. Chapman
|
0-0: Called Strike 0-1: Foul Ball, location: 2F 0-2: Ball 1-2: Ball 2-2: SOLO HOME RUN (Line Drive, 78XD), Distance : 396 ft
|
Batting: RHB Curt Sinclair
|
0-0: Foul Ball, location: 2F 0-1: Foul Ball, location: 2F 0-2: Ball 1-2: Strikes out looking
|
Batting: RHB Larry Olson
|
0-0: Ball 1-0: Ball 2-0: Ball 3-0: Base on Balls
|
Batting: LHB Roy Jones
|
0-0: Ball 1-0: Ground out 6-3 (Groundball, 56)
|
Top of the 7th over - 1 run, 1 hit, 0 errors, 1 left on base; Billings West HS 2 - Buchanan HS 15 |
BOTTOM OF THE 7TH |
Buchanan HS batting - Pitching for Billings West HS Golden Bears : LHP Thomas Moss
|
Batting: RHB Jack Lee
|
0-0: Called Strike 0-1: Ball 1-1: Called Strike 1-2: Ball 2-2: Ball 3-2: Base on Balls
|
Batting: RHB Jim Williams
|
0-0: Grounds out, U3 (Groundball, 3L)
|
Batting: LHB Albert Fuentes
|
0-0: Fly out, F8 (Flyball, 8RD) Runner from 2nd tags up, OUT at 3rd
|
Bottom of the 7th over - 0 runs, 0 hits, 0 errors, 0 left on base; Billings West HS 2 - Buchanan HS 15 |
TOP OF THE 8TH |
Billings West HS Golden Bears batting - Pitching for Buchanan HS : RHP David Watson
|
Batting: LHB Jeremy Thompson
|
0-0: Called Strike 0-1: Ball 1-1: Swinging Strike 1-2: Foul Ball, location: 2F 1-2: Ball 2-2: Foul Ball, location: 2F 2-2: Ball 3-2: Fly out, F9 (Flyball, 89D)
|
Batting: LHB Simon Morin
|
0-0: Foul Ball, location: 2F 0-1: Called Strike 0-2: Ball 1-2: Ground out 4-3 (Groundball, 4)
|
Batting: LHB Cristián Paredes
|
0-0: Ball 1-0: Called Strike 1-1: Ball 2-1: Foul Ball, location: 2F 2-2: Foul Ball, location: 2F 2-2: Strikes out swinging
|
Top of the 8th over - 0 runs, 0 hits, 0 errors, 0 left on base; Billings West HS 2 - Buchanan HS 15 |
BOTTOM OF THE 8TH |
Buchanan HS batting - Pitching for Billings West HS Golden Bears : LHP Thomas Moss
|
Batting: RHB Richard Franco
|
0-0: Called Strike 0-1: Swinging Strike 0-2: Ball 1-2: Strikes out swinging
|
Batting: RHB Jorge Álvarez
|
0-0: Ball 1-0: Ball 2-0: Ball 3-0: Called Strike 3-1: Ground out 1-3 (Groundball, P)
|
Batting: LHB Edgar Cameron
|
0-0: Called Strike 0-1: Ball 1-1: Swinging Strike 1-2: Ball 2-2: Ball 3-2: Base on Balls
|
Batting: RHB Anthony Moore
|
0-0: Ball 1-0: Called Strike 1-1: Fielders Choice at 2nd, 6-4 (Groundball, 6)
|
Bottom of the 8th over - 0 runs, 0 hits, 0 errors, 1 left on base; Billings West HS 2 - Buchanan HS 15 |
TOP OF THE 9TH |
Billings West HS Golden Bears batting - Pitching for Buchanan HS : RHP David Watson
|
Batting: SHB Christian Goodwin
|
0-0: Ball 1-0: SINGLE (Groundball, 4D)
|
Pitching: RHP Carl Cunningham
|
|
Batting: SHB Mike Hooper
|
0-0: Called Strike 0-1: Ball 1-1: SINGLE (Line Drive, 34D) Christian Goodwin to second
|
Batting: RHB J.J. Chapman
|
0-0: Foul Ball, location: 2F 0-1: Ground out 5-3 (Groundball, 56S) Christian Goodwin to third Mike Hooper to second
|
Batting: RHB Curt Sinclair
|
0-0: Foul Ball, location: 2F 0-1: Ball 1-1: Called Strike 1-2: Ball 2-2: Ball 3-2: Base on Balls
|
Batting: RHB Larry Olson
|
0-0: Foul Ball, location: 2F 0-1: Swinging Strike 0-2: Strikes out swinging
|
Batting: LHB Roy Jones
|
0-0: Called Strike 0-1: Ball 1-1: Swinging Strike 1-2: Strikes out looking
|
Top of the 9th over - 0 runs, 2 hits, 0 errors, 3 left on base; Billings West HS 2 - Buchanan HS 15 |
|